 Seeded DCSS version 0.29.1-12-g30fa7ad0bf (webtiles) character file.

Game seed: 18334199546629406935 (custom seed)

265 mathmaestro the Purveyor of Pain (level 5, -3/39 HPs)
             Began as a Demonspawn Necromancer on Jan 7, 2023.
             Was an Initiate of Kikubaaqudgha.
             Slain by an ogre
             ... wielding a +0 giant club
              (21 damage)
             ... on level 4 of the Dungeon on Jan 8, 2023.
             The game lasted 00:08:42 (3615 turns).

mathmaestro the Purveyor of Pain (DsNe)             Turns: 3615, Time: 00:08:44

Health: -3/39      AC:  6    Str: 14    XL:     5   Next: 99%
Magic:  1/9        EV: 12    Int: 19    God:    Kikubaaqudgha [......]
Gold:   203        SH:  0    Dex: 13    Spells: 2/10 levels left

rFire   . . .      SeeInvis .   j - +5 whip
rCold   . . .      Faith    .   (no shield)
rNeg    . . .      Spirit   .   a - +0 robe
rPois   .          Reflect  .   (helmet restricted)
rElec   .          Harm     .   e - +0 cloak
rCorr   .          Rampage  .   l - +1 pair of gloves
Will    .....                   (no boots)
Stlth   ++........              (no amulet)
HPRegen 0.13/turn               g - +6 ring of strength
MPRegen 0.11/turn               o - ring of flight

@: flying
A: antennae 1, rugged brown scales 1
a: Renounce Religion


You were on level 4 of the Dungeon.
You worshipped Kikubaaqudgha.
Kikubaaqudgha was noncommittal.
You visited 1 branch of the dungeon, and saw 4 of its levels.
You also visited: Sewer.

You collected 203 gold pieces.

Inventory:

Hand Weapons
 j - a +5 whip (weapon)
 m - a +0 hand axe
Missiles
 q - 4 javelins
Armour
 a - a +0 robe (worn)
 e - a +0 cloak (worn)
 l - a +1 pair of gloves (worn)
Jewellery
 g - a +6 ring of strength (left hand)
 o - a ring of flight (right hand)
Scrolls
 k - 3 scrolls of teleportation
 n - a scroll of immolation
 p - 3 scrolls of magic mapping
 w - a scroll of fog
Potions
 b - a potion of magic
 c - 2 potions of curing {unknown}
 d - 2 potions of attraction {unknown}
 f - 2 potions of lignification {unknown}
 h - 2 potions of haste {unknown}
 i - 3 potions of might
 r - 2 potions of heal wounds {unknown}
 s - a potion of cancellation {unknown}
 t - a potion of mutation {unknown}
 u - a potion of berserk rage {unknown}
 v - a potion of invisibility {unknown}


   Skills:
 + Level 2.3 Fighting
 + Level 3.0 Dodging
 + Level 3.2 Stealth
 + Level 3.1 Spellcasting
 + Level 5.2 Necromancy


You had 2 spell levels left.
You knew the following spells:

 Your Spells              Type           Power      Damage    Failure   Level
a - Necrotise             Necr           88%        1d8       1%          1
b - Vampiric Draining     Necr           22%        2d7       5%          3
c - Animate Dead          Necr           22%        N/A       17%         4

Your spell library contained the following spells:

 Spells                   Type           Power      Damage    Failure   Level
 Slow                     Hex            8%         N/A       16%         1
 Confusing Touch          Hex            2%         N/A       41%         3
 Agony                    Necr           22%        N/A       43%         5


Dungeon Overview and Level Annotations

Branches:
Dungeon (4/15)              Sewer (visited)
 Temple: D:4-7

Altars:
Kikubaaqudgha

Annotations:
D:4 1 runed translucent door


Innate Abilities, Weirdness & Mutations

You have a pair of small antennae on your head.
You are partially covered in rugged brown scales. (AC +1, +3% HP)


Message History

Press: ? - help, Shift-Dir - straight line, f - ogre
Aim: an ogre, wielding a +0 giant club (chance to affect: 81%)
The ogre writhes in agony.
Casting: Necrotise (safe; 1% risk of failure)
Confirm with . or Enter, or press ? or * to list all spells.
Aiming: Necrotise (safe; 1% risk of failure)
Press: ? - help, Shift-Dir - straight line, f/p - ogre
Aim: an ogre, wielding a +0 giant club (lightly wounded, chance to affect: 81%)
The ogre writhes in agony.
Casting: Necrotise (safe; 1% risk of failure)
Confirm with . or Enter, or press ? or * to list all spells.
Aiming: Necrotise (safe; 1% risk of failure)
Press: ? - help, Shift-Dir - straight line, f/p - ogre
Aim: an ogre, wielding a +0 giant club (lightly wounded, chance to affect: 81%)
The ogre writhes in agony.
Casting: Necrotise (safe; 1% risk of failure)
Confirm with . or Enter, or press ? or * to list all spells.
Aiming: Necrotise (safe; 1% risk of failure)
Press: ? - help, Shift-Dir - straight line, f/p - ogre
Aim: an ogre, wielding a +0 giant club (moderately wounded, chance to affect: 81%)
The ogre barely resists.
The ogre attacks as you move away!
The ogre hits you with a +0 giant club!!
Ouch! That really hurt!
Casting: Necrotise (safe; 1% risk of failure)
Confirm with . or Enter, or press ? or * to list all spells.
Aiming: Necrotise (safe; 1% risk of failure)
Press: ? - help, Shift-Dir - straight line, f/p - ogre
Aim: an ogre, wielding a +0 giant club (moderately wounded, chance to affect: 81%)
The ogre barely resists.
Casting: Necrotise (safe; 1% risk of failure)
Confirm with . or Enter, or press ? or * to list all spells.
Aiming: Vampiric Draining (dangerous; 5% risk of failure)
Press: ? - help, Shift-Dir - straight line, f/p - ogre
Aim: an ogre, wielding a +0 giant club (moderately wounded)
You draw life force from the ogre!
You feel life coursing into your body.
The ogre hits you with a +0 giant club!!
Ouch! That really hurt!
You die...
Kikubaaqudgha rasps: "You have failed me!
Welcome... death!"

#.#.##....# ##.......##
#..##.#. #.#.##.#..#
##.....## #.###.#.
#.#.......# ##...## #.#
#.#. #.####.#### ##'## #.#
#.#. ..# #.# #.# #.###.#.
### #.# #.# #....... #.#
##.## #####.##
#.#########...## #.#
#.........O@...##########.#
#..#######................#
#.#....###########
#.#.....# .........#
##.#.....# #.#....##
..#.#### # #.#


You could see an ogre.

Vanquished Creatures
  2 bullfrogs (Sewer)
  A river rat (Sewer)
  2 adders (Sewer)
  An ufetubus (D:4)
  2 dart slugs
  3 orcs (D:4)
  9 endoplasms
  2 giant cockroaches
  2 goblins
  3 hobgoblins
  2 quokkas
  16 ball pythons
  3 bats (D:1)
  A frilled lizard (Sewer)
  4 kobolds
  22 rats
75 creatures vanquished.

Vanquished Creatures (collateral kills)
  2 adders (Sewer)
  A worm (D:3)
  4 ball pythons
  A bat (D:2)
  A frilled lizard (Sewer)
  6 rats (Sewer)
15 creatures vanquished.

Vanquished Creatures (others)
  An adder zombie (Sewer)
  A ball python zombie (Sewer)
  A frilled lizard zombie (Sewer)
  A rat zombie (Sewer)
4 creatures vanquished.

Grand Total: 94 creatures vanquished

Notes
Turn   | Place    | Note
-------+----------+-------------------------------------------
     0 | D:1      | mathmaestro the Demonspawn Necromancer began the quest for
                  | the Orb.
     0 | D:1      | Reached XP level 1. HP: 13/13 MP: 3/3
   469 | D:1      | Gained mutation: You are partially covered in rugged brown
                  | scales. (AC +1, +3% HP) [demonic ancestry]
   469 | D:1      | Reached XP level 2. HP: 14/20 MP: 3/5
  1313 | D:2      | Reached skill level 1 in Fighting
  1353 | D:2      | Reached XP level 3. HP: 26/26 MP: 6/6
  1357 | D:2      | Learned a level 3 spell: Vampiric Draining
  1668 | D:3      | Found a glowing drain.
  1723 | Sewer    | Entered a sewer
  1998 | Sewer    | Gained mutation: You have a pair of small antennae on your
                  | head. [demonic ancestry]
  1998 | Sewer    | Reached XP level 4. HP: 32/32 MP: 0/7
  2077 | Sewer    | Learned a level 4 spell: Animate Dead
  2160 | Sewer    | Noticed a bullfrog
  2160 | Sewer    | Noticed a bullfrog
  2182 | Sewer    | Killed a bullfrog
  2182 | Sewer    | Killed a bullfrog
  2183 | Sewer    | Reached skill level 5 in Necromancy
  2183 | Sewer    | Reached XP level 5. HP: 38/39 MP: 4/9
  2292 | D:3      | Found a faded altar of an unknown god.
  3407 | D:4      | Found an ancient bone altar of Kikubaaqudgha.
  3414 | D:4      | Became a worshipper of Kikubaaqudgha
  3476 | D:4      | Found a runed translucent door.
  3606 | D:4      | Noticed an ogre
  3615 | D:4      | Slain by an ogre

Illustrated notes

Levels and vault maps discovered:
D:1:      shiori_shiawase, layout_loops_ring, st_stairs_7
D:2:      layout_basic, minmay_large_rounded_square
D:3:      layout_basic, portal_sewer_entry_a, hellmonk_ecumenical_altar_blasted
D:4:      layout_loops_corners, kiku_gazebo_garden_becter, ebering_ghost_sewer_d

Skill      XL: |  1  2  3  4  5 |
---------------+----------------+-----
Stealth        | 2 3 |  3.2
Dodging        | 2 3 |  3.0
Fighting       | 1 2 |  2.3
Spellcasting   | 3 |  3.1
Necromancy     | 5 |  5.2

Action                   |  1- 3 |  4- 6 || total
-------------------------+-------+-------++-------
Melee: Whip              |    24 |    27 ||    51
 Cast: Necrotise         |    64 |    31 ||    95
       Animate Dead      |       |     1 ||     1
       Vampiric Draining |       |     1 ||     1
  Use: Scroll            |       |    11 ||    11
 Stab: Sleeping          |     2 |       ||     2
       Distracted        |     2 |       ||     2
Armor: Robe              |     9 |    10 ||    19
Dodge: Dodged            |    27 |    16 ||    43
